 Dungeon Crawl Stone Soup version 0.28-a0-969-g2dcde036d2 (webtiles) character file.

Game seed: 4625614432458024113

53 GregHouse the Chopper (level 3, 0/34 HPs)
             Began as a Hill Orc Monk on Dec 1, 2021.
             Slain by a gnoll (1 damage)
             ... on level 3 of the Dungeon.
             The game lasted 00:12:41 (2836 turns).

GregHouse the Chopper (Hill Orc Monk)               Turns: 2836, Time: 00:12:41

Health: 0/34       AC: 10    Str: 15    XL:     3   Next: 87%
Magic:  3/3        EV:  7    Int: 10    God:
Gold:   133        SH:  0    Dex: 13    Spells: 2/2 levels left

rFire   . . .      SeeInvis .   a - +0 hand axe
rCold   . . .      Faith    .   (no shield)
rNeg    . . .      Spirit   .   p - +0 chain mail
rPois   .          Reflect  .   (no helmet)
rElec   .          Harm     .   m - +0 cloak
rCorr   .          Rampage  .   n - +0 pair of gloves
Will    .....                   (no boots)
Stlth   ..........              (no amulet)
HPRegen 0.11/turn               (no ring)
MPRegen 0.08/turn               (no ring)

@: no status effects
A: no striking features
a: no special abilities


You were on level 3 of the Dungeon.
You visited 1 branch of the dungeon, and saw 4 of its levels.

You collected 133 gold pieces.

Inventory:

Hand Weapons
 a - a +0 hand axe (weapon)
Armour
 l - a scarf of harm
 m - a +0 cloak (worn)
 n - a +0 pair of gloves (worn)
 p - a +0 chain mail (worn)
Wands
 b - a wand of mindburst (8)
Scrolls
 d - a scroll of amnesia {unknown}
 g - a scroll of noise {unknown}
 i - a scroll of torment {unknown}
 j - a scroll of fog {unknown}
 k - a scroll of enchant weapon {unknown}
 o - a scroll of immolation {unknown}
Potions
 c - a potion of curing {unknown}
 e - a potion of mutation {unknown}
 f - a potion of berserk rage {unknown}
 h - a potion of degeneration {unknown}


   Skills:
 + Level 4.6 Fighting
 + Level 5.0 Axes
 + Level 0.5 Armour
 - Level 2.4 Dodging
 + Level 1.8 Stealth


You had 2 spell levels left.
You didn't know any spells.
Your spell library contained the following spells:

 Spells                   Type           Power      Damage    Failure   Level
 Beastly Appendage        Tmut           0%         N/A       100%        1
 Wereblood                Tmut           0%         N/A       100%        2
 Spider Form              Tmut/Pois      0%         N/A       100%        3
 Tukima's Dance           Hex            0%         N/A       100%        3
 Animate Dead             Necr           0%         N/A       100%        4
 Passage of Golubria      Tloc           0%         N/A       100%        4
 Borgnjor's Vile Clutch   Necr/Erth      0%         N/A       100%        5
 Yara's Violent Unravell  Hex/Tmut       0%         3d3       100%        5
 Death Channel            Necr           0%         N/A       100%        6


Dungeon Overview and Level Annotations

Branches:
Dungeon (4/15)
 Temple: D:4-7

Altars:


Message History

There is a stone staircase leading up here.
You climb upwards.
There is a stone staircase leading down here.
You see here a scarf of harm.
l - a scarf of harm HP restored.
You now have 133 gold pieces (gained 16).
You see here a hobgoblin corpse.
Found 20 sling bullets.
A gnoll comes into view. It is wielding a +0 flail.
The gnoll moves out of view.
You hit the gnoll.
The gnoll is lightly wounded.
The gnoll hits you with a +0 flail.
A gnoll comes into view. It is wielding a +0 whip.
The gnoll shouts!
You hit the gnoll but do no damage.
The gnoll is lightly wounded.
You hear a shout! x2
The gnoll barely misses you.
You hit the gnoll but do no damage.
The gnoll is lightly wounded.
The gnoll hits you with a +0 flail.
You hit the gnoll but do no damage.
The gnoll is lightly wounded.
The gnoll hits you with a +0 flail!
You hit the gnoll but do no damage.
The gnoll is lightly wounded.
The gnoll hits you but does no damage. The gnoll hits you with a +0 flail.
You hit the gnoll.
The gnoll is lightly wounded.
The gnoll hits you with a +0 whip.
* * * LOW HITPOINT WARNING * * *
A gnoll comes into view. It is wielding a +0 halberd.
You hit the gnoll.
The gnoll is moderately wounded.
You hit the gnoll but do no damage. The gnoll hits you with a +0 flail!
* * * LOW HITPOINT WARNING * * *
The gnoll hits you with a +0 whip.
You die...

#.........#.# #...#
#..... ####.##...#..
...#.# #.....
#.##...########..####(..
#.##...# ##.# ....
#.##...# .. ... #.######
#.# .. #.####### ..
#.....g.# #######@#
#......g.# #..........
#............
#.............#
#..!..........#
#........(....#
###.....g..######
#.......###


You could see 3 gnolls.

Vanquished Creatures
  5 ball pythons
  6 endoplasms
  4 giant cockroaches
  6 goblins
  5 hobgoblins
  3 quokkas
  7 bats
  2 frilled lizards
  5 kobolds
  4 rats
47 creatures vanquished.

Vanquished Creatures (others)
  7 fungi (D:1)
  6 plants (D:1)
13 creatures vanquished.

Grand Total: 60 creatures vanquished

Notes
Turn   | Place    | Note
-------+----------+-------------------------------------------
     0 | D:1      | GregHouse the Hill Orc Monk began the quest for the Orb.
     0 | D:1      | Reached XP level 1. HP: 19/19 MP: 1/1
   332 | D:1      | Reached XP level 2. HP: 27/27 MP: 2/2
   794 | D:1      | Reached XP level 3. HP: 34/34 MP: 3/3
   892 | D:1      | Found a faded altar of an unknown god.
  2763 | D:3      | Reached skill level 5 in Axes
  2836 | D:3      | HP: 1/34 [gnoll (8)]
  2836 | D:3      | Slain by a gnoll

Illustrated notes

Levels and vault maps discovered:
D:1:      psy_arrival_radial02, layout_loops_ring,
          shapermc_ecumenical_altar_mp_urbaneastern, serial_park_tiny_pond
D:2:      minmay_wonky_spiral, layout_basic
D:3:      layout_basic, dk_noncrumbling_2, kennysheep_nub, small_statue_alley_b
D:4:      kennysheep_slugbush, layout_loops_corners,
          mainiacjoe_overflow_alcove_4, kennysheep_mini_moat,
          minmay_temple_entry_tees, uniq_duvessa, uniq_natasha

Skill      XL: |  1  2  3 |
---------------+----------+-----
Fighting       | 4 |  4.6
Axes           | 5 |  5.0
Armour         | |  0.5
Dodging        | |  2.4
Stealth        | |  1.8

Action                   || total
-------------------------++-------
Melee: Hand axe          ||   216
 Stab: Sleeping          ||     2
Armor: Ring mail         ||    61
       Scale mail        ||    12
       Chain mail        ||     8
Dodge: Dodged            ||    92

Table legend: (Time is in decaauts)
 A = Elapsed time spent in this place.
 B = Non-inter-level travel time spent in this place.
 C = Inter-level travel time spent in this place.
 D = Time resting spent in this place.
 E = Time spent auto-exploring this place.
 F = Levels seen in this place.
 G = Mean time per level.
                   A        B        C        D        E       F      G
               +--------+--------+--------+--------+--------+-----+--------+
         Total |   2856 |   2799 |     57 |    563 |   1497 |   4 |  714.0 |
       Dungeon |   2856 |   2799 |     57 |    563 |   1497 |   4 |  714.0 |
               +--------+--------+--------+--------+--------+-----+--------+

Top non-repeatable levels by time:
     D:1: 1686 daAuts
     D:2: 975 daAuts
     D:3: 193 daAuts
     D:4: 1 daAuts
